 Dungeon Crawl Stone Soup version 0.21-a0-401-g0b6bec4 (webtiles) character file.

1075 4thArraOfDagon the Zephyrmancer (level 8, -3/52 HPs)
             Began as a Barachi Air Elementalist on Oct 25, 2017.
             Was an Initiate of Vehumet.
             Killed from afar by zodiak12's ghost (26 damage)
             ... with a flame tongue
             ... on level 5 of the Dungeon.
             The game lasted 00:20:22 (3145 turns).

4thArraOfDagon the Zephyrmancer (BaAE)              Turns: 3145, Time: 00:20:23

Health: -3/52      AC:  9    Str: 16    XL:     8   Next: 29%
Magic:  3/12       EV: 11    Int: 14    God:    Vehumet [......]
Gold:   171        SH:  0    Dex: 13    Spells: 3/13 levels left

rFire    . . .     SeeInvis .   f - +2 dagger (pain)
rCold    . . .     Gourm    .   (no shield)
rNeg     . . .     Faith    +   p - +3 ring mail "Dyalocroila" {rPois rCorr Str+6 Int-3 Slay+3}
rPois    +         Spirit   .   (no helmet)
rElec    .         Reflect  .   (no cloak)
rCorr    +         Harm     .   (no gloves)
MR       .....                  j - +0 pair of boots
Stlth    +.........             D - amulet of faith
HPRegen  0.17/turn              (no ring)
MPRegen  0.13/turn              (no ring)

@: can't hop, slow
A: +LOS, swims, slowness 1, strong legs 1
a: Hop, Renounce Religion


You were on level 5 of the Dungeon.
You worshipped Vehumet.
Vehumet was noncommittal.
You were not hungry.

You visited 2 branches of the dungeon, and saw 8 of its levels.

You collected 171 gold pieces.

Inventory:

Hand Weapons
 f - a +2 dagger of pain (weapon)
Armour
 a - a +0 robe
 e - a +2 ring mail of cold resistance
 j - a +0 pair of boots (worn)
 p - the +3 ring mail "Dyalocroila" (worn) {rPois rCorr Str+6 Int-3 Slay+3}
   (You found it on level 7 of the Dungeon)

   It affects your strength (+6).
   It affects your intelligence (-3).
   It affects your accuracy and damage with ranged weapons and melee attacks
   (+3).
   It protects you from poison.
   It protects you from acid and corrosion.
Jewellery
 D - an amulet of faith (around neck)
Wands
 n - a wand of confusion (19/48)
 o - a wand of paralysis (12/24)
 s - a wand of polymorph (6/24)
 t - a wand of paralysis (13/24)
Scrolls
 i - a scroll of enchant weapon
 l - a scroll of teleportation
 r - 2 scrolls of remove curse {unknown}
 u - a scroll of recharging
 w - 2 scrolls of immolation {unknown}
 y - a scroll of identify
Potions
 d - 2 potions of curing
 g - a potion of agility
 h - a potion of degeneration {unknown}
 q - a potion of invisibility {unknown}
 v - 3 potions of brilliance {unknown}
 x - a potion of mutation {unknown}
 z - 3 potions of resistance {unknown}
 A - a potion of berserk rage {unknown}
 B - a potion of heal wounds {unknown}
 E - a potion of cancellation {unknown}
Books
 b - a book of Air

   Spells                             Type                      Level
   a - Shock                          Conjuration/Air              1
   b - Swiftness                      Charms/Air                   2
   c - Static Discharge               Conjuration/Air              3
   d - Airstrike                      Air                          4
   e - Lightning Bolt                 Conjuration/Air              5
 m - a book of Changes

   Spells                             Type                      Level
   a - Beastly Appendage              Transmutation                1
   b - Sticks to Snakes               Transmutation                2
   c - Spider Form                    Transmutation/Poison         3
   d - Ice Form                       Ice/Transmutation            4
   e - Blade Hands                    Transmutation                5
Comestibles
 c - 4 bread rations
 k - 2 royal jellies
 C - 5 chunks of flesh


   Skills:
 - Level 2.1 Dodging
 - Level 1.7 Stealth
 + Level 3.1 Spellcasting
 - Level 2.0 Conjurations
 * Level 10.3 Air Magic


You had 3 spell levels left.
You knew the following spells:

 Your Spells              Type           Power        Failure   Level  Hunger
a - Shock                 Conj/Air       ###.         3%          1    #......
b - Swiftness             Chrm/Air       ###.....     8%          2    ##.....
c - Static Discharge      Conj/Air       ###.....     10%         3    ###....
d - Airstrike             Air            ####......   5%          4    #####..


Dungeon Overview and Level Annotations

Branches:
Dungeon (7/15)             Temple (1/1) D:6

Altars:
Ashenzari
Dithmenos
Fedhas
Hepliaklqana
Nemelex Xobeh
Uskayaw
Vehumet
Wu Jian
Xom
The Shining One

Shops:
D:7 }

Annotations:
D:5 zodiak12's ghost, novice DsFE


Innate Abilities, Weirdness & Mutations

Shadows flee at your approach. (+LOS)
You can swim through water.
You cover ground slowly.
You can hop short distances.


Message History

Zodiak12's ghost is moderately damaged.
Casting: Airstrike
Confirm with . or Enter, or press ? or * to list all spells.
Aiming: Airstrike
Press: ? - help, Dir - move target cursor, f/p - zodiak12's ghost
Aim: zodiak12's ghost, wielding a weapon of protection (moderately damaged)
The air twists around and violently strikes zodiak12's ghost!
Zodiak12's ghost is heavily damaged.
Zodiak12's ghost points at you and mumbles some strange words.
The flame tongue hits you!
Casting: Airstrike
Confirm with . or Enter, or press ? or * to list all spells.
You don't have enough magic to cast that spell.
Unknown command.
You feel better. Zodiak12's ghost hits you.
Okay, then.
Zodiak12's ghost points at you and mumbles some strange words.
The flame tongue hits you!
Ouch! That really hurt!
You die...

#......#≈...§≈.≈≈...≈#
#......#§..§≈§..≈...≈#
#......'.§.§..⌠..⌠...'
##....##≈...≈...≈...≈# ### ###
##'##....##≈...≈≈§≈≈...≈#
..##..###..##.....#≈≈....⌠§.§[§≈#
...+.......'......#≈§≈.....§§§§≈#
...#.......#..W...#≈§≈≈....§≈§§§#
...#.......#....@.#≈§≈≈≈≈.§§§≈§≈#
..#......# ##.##.########'#######
..#......## #.##.#######'.#.###.#
....._...#..[..#.....#...........
.........#.....#.....#...........
.........#.....'.....'...........
..###.##.####.####<..##..###.#...
..###.##+#########...##..########
..+.............#.÷........#


You could see zodiak12's ghost.

Vanquished Creatures
  5 ogres
  A bullfrog (D:6)
  2 bullfrog zombies
  A hound (D:4)
  A jelly (D:6)
  2 orc wizards
  A centaur skeleton (D:4)
  An orc priest (D:5)
  2 bullfrog skeletons
  5 worker ants
  A hound zombie (D:5)
  A worker ant zombie (D:5)
  6 adders
  A howler monkey skeleton (D:5)
  A shadow imp (D:5)
  An adder skeleton (D:6)
  3 worms (D:2)
  A leopard gecko (D:6)
  8 orcs
  A giant cockroach (D:1)
  7 goblins
  7 hobgoblins
  10 jackals
  10 kobolds
  A ball python (D:1)
  8 bats
  4 frilled lizards
  A leopard gecko skeleton (D:4)
  5 rats
98 creatures vanquished.

Notes
Turn   | Place    | Note
-------+----------+-------------------------------------------
     0 | D:1      | 4thArraOfDagon the Barachi Air Elementalist began the quest for the Orb.
     0 | D:1      | Reached XP level 1. HP: 13/13 MP: 3/3
   145 | D:1      | Reached XP level 2. HP: 17/19 MP: 3/5
   450 | D:2      | Noticed an ogre
   491 | D:1      | Reached skill level 4 in Air Magic
   510 | D:1      | Learned a level 2 spell: Swiftness
   676 | D:3      | Reached XP level 3. HP: 24/24 MP: 2/6
   681 | D:3      | Learned a level 3 spell: Static Discharge
   963 | D:4      | Reached skill level 5 in Air Magic
   963 | D:4      | Reached XP level 4. HP: 27/30 MP: 2/7
  1043 | D:5      | Entered Level 5 of the Dungeon
  1106 | D:5      | Reached skill level 6 in Air Magic
  1106 | D:5      | Reached XP level 5. HP: 22/35 MP: 0/8
  1354 | D:6      | Noticed an ogre
  1371 | D:6      | Killed an ogre
  1371 | D:6      | Reached skill level 7 in Air Magic
  1371 | D:6      | Reached XP level 6. HP: 41/41 MP: 4/9
  1430 | D:6      | Found a shimmering altar of Xom.
  1547 | D:7      | Got a distressingly furry ring mail
  1562 | D:7      | Identified the +3 ring mail "Dyalocroila" {rPois rCorr Str+6 Int-3 Slay+3} (You found it on level 7 of the Dungeon)
  1573 | D:7      | Found Dimur's Gadget Shop.
  1583 | D:7      | Reached skill level 8 in Air Magic
  1650 | D:7      | Reached XP level 7. HP: 40/46 MP: 2/10
  1665 | D:6      | Learned a level 4 spell: Airstrike
  1714 | D:6      | Found a staircase to the Ecumenical Temple.
  1737 | Temple   | Entered the Ecumenical Temple
  1840 | Temple   | Became a worshipper of Vehumet
  1890 | D:6      | Reached skill level 9 in Air Magic
  1956 | D:5      | Found a radiant altar of Vehumet.
  2110 | D:3      | Found an ornate altar of the Wu Jian Council.
  2790 | D:4      | Reached XP level 8. HP: 47/52 MP: 6/11
  2803 | D:4      | Found a hazy altar of Hepliaklqana.
  2848 | D:4      | Reached skill level 10 in Air Magic
  2940 | D:5      | Noticed zodiak12's ghost (novice DsFE)
  3145 | D:5      | Killed from afar by zodiak12's ghost

Vault maps used:
D:1:      dpeg_arrival_oval
D:2:      lemuel_blue_sif_altar
D:3:      old_standard_altar, guppyfry_early_orc_mine
D:4:      lemuel_coloured_pillars_altar
D:5:      first_bread, basic_altar, kennysheep_generic_room_2
D:6:      nicolae_overflow_hidden_temple, marbit_many_paths,
          minmay_temple_entry_hall
D:7:      bloody_makhleb, serial_shops, shop, uniq_joseph
Temple:   minmay_temple_forest_path

Skill      XL: |  1  2  3  4  5  6  7  8 |
---------------+-------------------------+-----
Conjurations   | 2 |  2.0
Air Magic      | 4 5 6 7 8 9 10 | 10.3
Spellcasting   | 3 |  3.1
Dodging        | |  2.1
Stealth        | |  1.7

Action                   |  1- 3 |  4- 6 |  7- 9 || total
-------------------------+-------+-------+-------++-------
Melee: Unarmed           |     3 |       |       ||     3
       Dagger            |    35 |    16 |    91 ||   142
 Cast: Shock             |    44 |    57 |    75 ||   176
       Airstrike         |       |       |     6 ||     6
       Static Discharge  |       |       |     1 ||     1
 Abil: Hop               |       |     1 |     2 ||     3
Evoke: Wand              |       |     8 |       ||     8
  Use: Scroll            |     4 |     3 |     1 ||     8
       Potion            |       |     1 |     1 ||     2
 Stab: Sleeping          |     2 |       |       ||     2
  Eat: Chunk             |     2 |     3 |     3 ||     8
       Fruit             |       |       |     6 ||     6
Armor: Robe              |    25 |     5 |     6 ||    36
       Ring mail         |       |       |    41 ||    41
Dodge: Dodged            |    64 |    32 |    89 ||   185

Table legend:
 A = Spawn XP
 B = Non-spawn XP
 C = Spawn XP percentage of total XP
 D = Spawn monster count
 E = Non-spawn monster count
 F = Spawn count percentage of total count
 G = Total turns spent on level
                    A         B        C        D         E        F      G
               +---------+---------+-------+---------+---------+-------+---------
         Total |       0 |    1536 |   0.0 |       0 |      98 |   0.0 |  3145
               +---------+---------+-------+---------+---------+-------+---------
           D:1 |       0 |      31 |   0.0 |       0 |      21 |   0.0 |   541
           D:2 |       0 |     170 |   0.0 |       0 |      16 |   0.0 |   438
           D:3 |       0 |      64 |   0.0 |       0 |      21 |   0.0 |   515
           D:4 |       0 |     295 |   0.0 |       0 |       8 |   0.0 |   465
           D:5 |       0 |     313 |   0.0 |       0 |      14 |   0.0 |   429
           D:6 |       0 |     496 |   0.0 |       0 |      15 |   0.0 |   492
           D:7 |       0 |     167 |   0.0 |       0 |       3 |   0.0 |   119
               +---------+---------+-------+---------+---------+-------+---------
